 Dungeon Crawl Stone Soup version 0.29.0-11-gd7f09526c8 (webtiles) character file.

Game seed: 11794649908158269330

583 gelatine the Ruffian (level 7, 0/67 HPs)
             Began as a Troll Fighter on Sept 6, 2022.
             Slain by a yak (7 damage)
             ... on level 4 of the Dungeon.
             The game lasted 00:07:39 (2510 turns).

gelatine the Ruffian (Troll Fighter)                Turns: 2510, Time: 00:07:40

Health: 0/67       AC:  4    Str: 27    XL:     7   Next: 14%
Magic:  6/6        EV:  9    Int:  4    God:
Gold:   182        SH:  7    Dex:  9    Spells: 6/6 levels left

rFire   . . .      SeeInvis .     - Unarmed
rCold   + . .      Faith    .   b - +0 kite shield
rNeg    . . .      Spirit   .   a - +0 robe
rPois   .          Reflect  .   (helmet restricted)
rElec   .          Harm     .   (no cloak)
rCorr   .          Rampage  .   (gloves unavailable)
Will    .....                   (boots unavailable)
Stlth   +.........              (no amulet)
HPRegen 1.01/turn               p - ring of protection from cold
MPRegen 0.10/turn               (no ring)

@: mighty
A: large, unfitting armour, claws 3, regeneration 1, shaggy fur 1, tough skin 1
a: no special abilities


You were on level 4 of the Dungeon.
You visited 1 branch of the dungeon, and saw 4 of its levels.

You collected 182 gold pieces.

Inventory:

Hand Weapons
 j - a +0 war axe
 s - a +0 morningstar
Armour
 a - a +0 robe (worn)
 b - a +0 kite shield (worn)
Jewellery
 p - a ring of protection from cold (left claw)
Wands
 o - a wand of charming (8)
Scrolls
 d - 3 scrolls of fear {unknown}
 e - a scroll of silence {unknown}
 f - 7 scrolls of identify {unknown}
 h - a scroll of butterflies {unknown}
 i - 3 scrolls of blinking {unknown}
 m - a scroll of vulnerability {unknown}
 t - a scroll of teleportation {unknown}
 u - a scroll of poison {unknown}
Potions
 g - a potion of lignification {unknown}
 k - a potion of magic {unknown}
 l - 2 potions of curing {unknown}
 n - a potion of heal wounds {unknown}
 q - a potion of degeneration {unknown}
 r - a potion of haste {unknown}


   Skills:
 * Level 3.6 Fighting
 * Level 3.9 Dodging
 + Level 0.9 Stealth
 + Level 3.6 Shields
 + Level 5.0 Unarmed Combat


You had 6 spell levels left.
You didn't know any spells.
Your spell library contained the following spells:

 Spells                   Type           Power      Damage    Failure   Level
 Summon Small Mammal      Summ           0%         N/A       80%         1
 Static Discharge         Conj/Air       0%         3-3/arc   90%         2
 Sublimation of Blood     Necr           0%         N/A       90%         2
 Call Canine Familiar     Summ           0%         N/A       99%         3
 Portal Projectile        Hex/Tloc       0%         N/A       99%         3
 Summon Guardian Golem    Hex/Summ       0%         N/A       99%         3
 Tukima's Dance           Hex            0%         N/A       99%         3
 Petrify                  Tmut/Erth      0%         N/A       100%        4
 Blade Hands              Tmut           0%         N/A       100%        5
 Irradiate                Conj/Tmut      0%         3d11      100%        5
 Lightning Bolt           Conj/Air       0%         1d11      100%        5
 Maxwell's Capacitive Co  Air            0%         ∞         100%        8


Dungeon Overview and Level Annotations

Branches:
Dungeon (4/15)
 Temple: D:4-7

Altars:
Okawaru


Innate Abilities, Weirdness & Mutations

You are too large for most types of armour.
You have claws for hands.
Your natural rate of healing is unusually fast.
You are covered in fur. (AC +1)
You have tough skin. (AC +1)


Message History

The yak gores you. x2
You scratch the yak.
You kill the yak!
You scratch the yak but do no damage. The yak gores you!
You barely miss the yak. The yak barely misses you.
You closely miss the yak. The yak gores you!
* * * LOW HITPOINT WARNING * * *
You scratch the yak.
The yak is lightly wounded.
The yak gores you!
* * * LOW HITPOINT WARNING * * *
Aiming: Charm
Press: ? - help, Shift-Dir - straight line, f - yak
Aim: a yak (lightly wounded, chance to affect: 49%)
Okay, then.
Aiming: Charm
Press: ? - help, Q - select action Shift-Dir - straight line, f - yak
Aim: a yak (lightly wounded, chance to affect: 49%)
The yak is charmed.
The yak gores your yak but does no damage.
The yak is no longer charmed.
The yak attacks as you move away! The yak gores you.
You feel very mighty all of a sudden. The yak gores you.
You mangle the yak!!
The yak is severely wounded.
The yak gores you!
* * * LOW HITPOINT WARNING * * *
You claw the yak!
The yak is almost dead.
The yak gores you!
* * * LOW HITPOINT WARNING * * *
You claw the yak!
You kill the yak!
Your Unarmed Combat skill increases to level 5!
You have reached level 7!
You mangle the yak!!
The yak is severely wounded.
The yak gores you!
You die...

###########
########....)†....
#...†...†#########
#@######## ### #Y#
....... #S#
.###### #.# #.#
#.# #.# #.# #.#


You could see a yak and an adder.

Vanquished Creatures
  3 yaks (D:4)
  A necrophage (D:4)
  An adder (D:2)
  3 worms
  3 dart slugs
  5 orcs
  6 ball pythons
  8 endoplasms
  2 giant cockroaches
  6 goblins
  5 hobgoblins
  3 jackals (D:4)
  5 kobolds
  8 quokkas
  3 bats
  A frilled lizard (D:1)
  9 rats
72 creatures vanquished.

Notes
Turn   | Place    | Note
-------+----------+-------------------------------------------
     0 | D:1      | gelatine the Troll Fighter began the quest for the Orb.
     0 | D:1      | Reached XP level 1. HP: 22/22 MP: 0/0
   128 | D:1      | Reached XP level 2. HP: 29/29 MP: 1/1
   519 | D:1      | Reached XP level 3. HP: 36/36 MP: 2/2
   861 | D:2      | Found an iron altar of Okawaru.
  1482 | D:3      | Reached XP level 4. HP: 44/44 MP: 3/3
  2388 | D:4      | Noticed a necrophage
  2395 | D:4      | Killed a necrophage
  2396 | D:4      | Reached skill level 3 in Unarmed Combat
  2396 | D:4      | Reached XP level 5. HP: 42/53 MP: 4/4
  2455 | D:4      | Noticed a yak
  2456 | D:4      | Noticed a yak
  2456 | D:4      | Noticed a yak
  2457 | D:4      | Noticed a yak
  2468 | D:4      | Killed a yak
  2469 | D:4      | Reached skill level 4 in Unarmed Combat
  2469 | D:4      | Reached XP level 6. HP: 44/61 MP: 5/5
  2470 | D:4      | Killed a yak
  2474 | D:4      | HP: 3/61 [yak (10)]
  2509 | D:4      | Killed a yak
  2510 | D:4      | Reached skill level 5 in Unarmed Combat
  2510 | D:4      | Reached XP level 7. HP: 6/67 MP: 6/6
  2510 | D:4      | Slain by a yak

Illustrated notes

Levels and vault maps discovered:
D:1:      psy_arrival_fountain, layout_loops_corners
D:2:      layout_loops_ring, basic_altar
D:3:      layout_basic
D:4:      layout_loops_ring

Skill      XL: |  1  2  3  4  5  6 |
---------------+-------------------+-----
Shields        | 3 |  3.6
Dodging        | 3 |  3.9
Fighting       | 3 |  3.6
Unarmed Combat | 3 4 5 |  5.0
Stealth        | |  0.9

Action                   |  1- 3 |  4- 6 |  7- 9 || total
-------------------------+-------+-------+-------++-------
Melee: Unarmed           |   104 |    93 |     1 ||   198
Evoke: Wand              |       |     1 |       ||     1
  Use: Potion            |       |     1 |       ||     1
 Stab: Sleeping          |     1 |     1 |       ||     2
Armor: Robe              |    24 |    13 |       ||    37
Dodge: Dodged            |    28 |    34 |       ||    62
Block: Kite shield       |    28 |    28 |       ||    56
